 Dungeon Crawl Stone Soup version 0.21-a0-584-g185da8e (webtiles) character file.

1172 Firecrotchwizard the Spear-Bearer (level 8, -6/96 HPs)
             Began as a Merfolk Berserker on Dec 21, 2017.
             Was a Priest of Trog.
             Mangled by a wraith (9 damage)
             ... on level 5 of the Dungeon.
             The game lasted 00:12:26 (5605 turns).

Firecrotchwizard the Spear-Bearer (MfBe)            Turns: 5605, Time: 00:12:26

Health: -6/96      AC:  5    Str: 22    XL:     8   Next: 41%
Magic:  8/8        EV: 13    Int:  6    God:    Trog [***...]
Gold:   144        SH:  0    Dex: 16    Spells: 7/7 levels left

rFire    . . .     SeeInvis .   y - +1 spear (flame)
rCold    . . .     Gourm    .   (no shield)
rNeg     . . .     Faith    .   d - +0 ring mail
rPois    .         Spirit   .   (no helmet)
rElec    .         Reflect  .   (no cloak)
rCorr    .         Harm     .   (no gloves)
MR       .....                  (no boots)
Stlth    ..........             (no amulet)
HPRegen  0.26/turn              (no ring)
MPRegen  0.11/turn              (no ring)

@: berserking, slowed, heavily drained
A: change form in water, swift swim, stealthy swim
a: Berserk, Trog's Hand, Burn Spellbooks, Renounce Religion


You were on level 5 of the Dungeon.
You worshipped Trog.
Trog was most pleased with you.
You were not hungry.

You visited 1 branch of the dungeon, and saw 5 of its levels.
You also visited: Ossuary.

You collected 144 gold pieces.

Inventory:

Hand Weapons
 a - a +0 spear
 y - a +1 spear of flaming (weapon)
   (You took it off a wight in an ossuary)
Armour
 d - a +0 ring mail (worn)
   (You found it on level 2 of the Dungeon)
 l - a +0 chain mail
   (You took it off Terence on level 2 of the Dungeon)
Wands
 g - a wand of flame (15)
   (You found it on level 5 of the Dungeon)
 o - a wand of digging (20)
   (You found it in an ossuary)
 q - a wand of iceblast (13)
   (You found it on level 2 of the Dungeon)
 z - a wand of polymorph (24)
   (You found it on level 4 of the Dungeon)
 A - a wand of clouds (4)
   (You took it off Ijyb on level 4 of the Dungeon)
Scrolls
 f - a scroll of immolation {!r}
 h - a scroll of amnesia {unknown}
 j - 2 scrolls of enchant weapon {unknown}
 m - 3 scrolls of blinking {!r}
 n - a scroll of noise {unknown}
 p - a scroll of identify {unknown}
 r - 4 scrolls of magic mapping {unknown}
 t - 2 scrolls of enchant armour {unknown}
 v - 3 scrolls of remove curse {unknown}
 w - a scroll of fog {unknown}
 B - 3 scrolls of teleportation {unknown}
Potions
 b - 2 potions of flight {unknown}
 e - 2 potions of curing {unknown}
 k - 3 potions of agility {unknown}
 s - a potion of experience {unknown}
 u - a potion of degeneration {unknown}
 x - a potion of haste {unknown}
 C - a potion of magic {unknown}
Comestibles
 c - 2 rations {@e1}


   Skills:
 + Level 5.8(4.0) Fighting
 * Level 9.8(7.8) Polearms
 + Level 3.5(1.8) Armour
 + Level 6.2(4.4) Dodging


You had 7 spell levels left.
You didn't know any spells.

Dungeon Overview and Level Annotations

Branches:
Dungeon (5/15)             Temple (0/1) D:4

Altars:
Sif Muna

Annotations:
D:4 Grinder


Message History

You feel resistant to hostile enchantments.
You feel somewhat more hungry. The wraith barely misses you.
The wraith hits you.
* * * LOW HITPOINT WARNING * * *
The wraith drains your vigour!
You feel as though you will be slow longer.
You take 4 damage, and have 10/64 hp.
You regained 2 hp, and now have 12/64 hp.
The wraith hits you.
* * * LOW HITPOINT WARNING * * *
The wraith drains your vigour!
You feel as though you will be slow longer.
You regained 2 hp, and now have 14/64 hp.
The wraith hits you!
* * * LOW HITPOINT WARNING * * *
The wraith drains your vigour!
You feel as though you will be slow longer.
You take 7 damage, and have 7/64 hp.
You regained 2 hp, and now have 10/64 hp.
The wraith hits you!
* * * LOW HITPOINT WARNING * * *
The wraith drains your vigour!
You feel as though you will be slow longer.
You take 5 damage, and have 5/64 hp.
You regained 2 hp, and now have 7/64 hp.
The wraith hits you.
* * * LOW HITPOINT WARNING * * *
The wraith drains your vigour!
You feel as though you will be slow longer.
There is an open door here.
You take 2 damage, and have 5/64 hp.
You feel much better. The wraith hits you! The wraith drains your vigour!
You feel as though you will be slow longer.
The wraith closely misses you.
You regained 16 hp, and now have 22/64 hp.
The flying skull gives a hideous shriek!
You regained 2 hp, and now have 24/64 hp.
The wraith misses you.
You regained 2 hp, and now have 26/64 hp.
You regained 2 hp, and now have 28/64 hp.
You feel the effects of Trog's Hand fading.
The wraith completely misses you.
There is an open door here.
You regained 2 hp, and now have 31/64 hp.
The wraith misses you.
You regained 2 hp, and now have 33/64 hp.
You regained 2 hp, and now have 35/64 hp.
Your skin stops crawling.
You feel less resistant to hostile enchantments.
The wraith closely misses you. The wraith barely misses you.
The wraith closely misses you.
There is an open door here.
The wraith misses you. The wraith closely misses you.
The wraith closely misses you. The wraith hits you.
The wraith drains your vigour!
You feel as though you will be slow longer.
You take 3 damage, and have 36/64 hp.
The wraith hits you. The wraith drains your vigour!
You feel as though you will be slow longer.
You take 5 damage, and have 31/64 hp.
The wraith completely misses you.
There is an open door here.
You are near starving!
The wraith hits you but does no damage. The wraith hits you!
The wraith drains your vigour!
You feel as though you will be slow longer.
You take 11 damage, and have 21/64 hp.
The wraith hits you.
* * * LOW HITPOINT WARNING * * *
The wraith drains your vigour!
You feel as though you will be slow longer.
You take 4 damage, and have 17/64 hp.
The wraith completely misses you. The wraith closely misses you.
The wraith barely misses you. The wraith closely misses you.
The wraith hits you.
* * * LOW HITPOINT WARNING * * *
There is a gate leading back out of this place here.
You take 1 damage, and have 18/64 hp.
The wraith closely misses you.
Welcome back to the Dungeon!
There is a collapsed entrance here.
You are too injured to fight recklessly!
You hit the wraith. You burn the wraith. The wraith hits you!
* * * LOW HITPOINT WARNING * * *
You take 9 damage, and have 9/64 hp.
You eat one of the 3 rations {@e1}.
That ration really hit the spot!
The wraith hits you!
* * * LOW HITPOINT WARNING * * *
The wraith drains your vigour!
You feel as though you will be slow longer.
The wraith hits you but does no damage.
You take 7 damage, and have 2/64 hp.
A red film seems to cover your vision as you go berserk!
You feel yourself moving faster!
You feel mighty!
You feel a lot more hungry. The wraith hits you!
You die...

#.# #......#.# #.#
#........ #.#
#......# #.#####
#......# #
#.....######......#.#
#####......#(..)..#.#
######..........#
####....W..#
#...@...#
##..........
#......#### #......#
########


You could see a wraith.

Vanquished Creatures
  Pikel (D:4)
  An ice beast (D:5)
  A centaur (D:2)
  3 wights (Ossuary)
  4 orc wizards
  Ijyb (D:4)
  Terence (D:2)
  A worker ant zombie (D:5)
  5 gnolls
  5 adders
  3 oozes
  An adder zombie (Ossuary)
  3 worms
  2 dart slugs (D:1)
  2 leopard geckos
  6 orcs
  2 ball pythons
  A bat skeleton (D:2)
  5 giant cockroaches
  16 goblins
  6 hobgoblins
  2 ball python skeletons
  6 bats
  10 frilled lizards
  A hobgoblin zombie (Ossuary)
  6 kobolds
  A kobold zombie (Ossuary)
  2 leopard gecko skeletons
  A leopard gecko zombie (D:2)
  2 orc skeletons (Ossuary)
  An orc zombie (Ossuary)
  8 rats
110 creatures vanquished.

Vanquished Creatures (others)
  An orc wizard (D:3)
  An iguana (D:4)
  3 orcs (D:4)
5 creatures vanquished.

Grand Total: 115 creatures vanquished

Notes
Turn   | Place    | Note
-------+----------+-------------------------------------------
     0 | D:1      | Firecrotchwizard the Merfolk Berserker began the quest for the Orb.
     0 | D:1      | Reached XP level 1. HP: 18/18 MP: 1/1
   183 | D:1      | Reached XP level 2. HP: 24/24 MP: 2/2
   205 | D:1      | Reached skill level 3 in Dodging
   476 | D:1      | Reached skill level 5 in Polearms
   627 | D:1      | Reached XP level 3. HP: 29/29 MP: 3/3
   719 | D:1      | Reached ** piety under Trog
   973 | D:2      | Noticed a centaur
   977 | D:2      | Noticed Terence
   978 | D:2      | HP: 7/29 [centaur (5)]
   983 | D:2      | Killed a centaur
   983 | D:2      | Reached skill level 4 in Fighting
   983 | D:2      | Reached skill level 6 in Polearms
   983 | D:2      | Reached skill level 2 in Armour
   983 | D:2      | Reached XP level 4. HP: 11/37 MP: 4/4
   985 | D:2      | HP: 8/55 [Terence/short sword (3)]
   987 | D:2      | Killed Terence
   987 | D:2      | Reached XP level 5. HP: 9/42 MP: 5/5
  1488 | D:2      | Reached skill level 4 in Dodging
  2677 | D:3      | Reached XP level 6. HP: 49/49 MP: 6/6
  2779 | D:3      | Reached skill level 7 in Polearms
  2794 | D:3      | Reached *** piety under Trog
  3379 | D:3      | HP: 9/49 [something/puff of flame (6)]
  3387 | D:3      | HP: 12/73 [something (2)]
  3854 | D:4      | Found a staircase to the Ecumenical Temple.
  3933 | D:4      | Noticed a slave
  3934 | D:4      | Noticed Pikel
  3967 | D:4      | Killed Pikel
  3967 | D:4      | Reached skill level 5 in Fighting
  3967 | D:4      | Reached skill level 9 in Polearms
  3967 | D:4      | Reached skill level 3 in Armour
  3967 | D:4      | Reached skill level 5 in Dodging
  3967 | D:4      | Reached XP level 7. HP: 52/56 MP: 7/7
  3967 | D:4      | Reached XP level 8. HP: 57/62 MP: 8/8
  4134 | D:4      | Noticed Ijyb
  4163 | D:4      | Killed Ijyb
  4214 | D:4      | Found a deep blue altar of Sif Muna.
  4214 | D:4      | Noticed Grinder
  4577 | D:5      | Entered Level 5 of the Dungeon
  4634 | D:5      | Found a sand-covered staircase.
  4656 | D:5      | Reached skill level 6 in Dodging
  4714 | Ossuary  | Entered an ossuary
  4862 | Ossuary  | HP: 7/63 [wight/enchanted flail (12)]
  4864 | Ossuary  | HP: 1/63 [wight/enchanted flail (6)]
  5135 | Ossuary  | Noticed a flying skull
  5135 | Ossuary  | Noticed a wraith
  5159 | Ossuary  | Noticed a flying skull
  5518 | Ossuary  | Noticed a flying skull
  5526 | Ossuary  | Noticed a wraith
  5547 | Ossuary  | HP: 13/64 [wraith (9)]
  5553 | Ossuary  | HP: 7/64 [wraith (9)]
  5558 | Ossuary  | HP: 5/64 [wraith (4)]
  5603 | D:5      | HP: 9/64 [wraith (10)]
  5604 | D:5      | HP: 2/64 [wraith (7)]
  5605 | D:5      | Mangled by a wraith

Vault maps used:
D:1:      dpeg_arrival_orchard
D:2:      serial_undead, serial_undead_f, serial_undead_f, serial_undead_e,
          serial_undead_b, serial_undead_e, uniq_terence
D:4:      nicolae_overflow_hidden_temple, minmay_temple_entry_overgrown,
          first_ration, grunt_decor_cap, minmay_misc_feat_ornament,
          nrook_mini_backslash, uniq_pikel, uniq_ijyb, uniq_grinder
D:5:      enter_ossuary_1, basic_altar
Ossuary:  ossuary_due_cavern

Skill      XL: |  1  2  3  4  5  6  7  8 |
---------------+-------------------------+-----
Dodging        | 3 4 5 6 |  6.2
Polearms       | 5 6 9 |  9.8
Fighting       | 4 5 |  5.8
Armour         | 2 3 |  3.5

Action                   |  1- 3 |  4- 6 |  7- 9 || total
-------------------------+-------+-------+-------++-------
Melee: Spear             |   100 |   340 |   188 ||   628
Invok: Berserk           |     1 |     3 |     4 ||     8
       Trog's Hand       |       |     3 |     2 ||     5
  Use: Scroll            |       |       |     2 ||     2
       Potion            |       |       |     2 ||     2
  Eat: Chunk             |       |     7 |     5 ||    12
       Ration            |       |     2 |     2 ||     4
Armor: Animal skin       |     8 |       |       ||     8
       Chain mail        |       |    67 |       ||    67
       Ring mail         |       |    11 |    29 ||    40
Dodge: Dodged            |    52 |    66 |    95 ||   213

Table legend:
 A = Spawn XP
 B = Non-spawn XP
 C = Spawn XP percentage of total XP
 D = Spawn monster count
 E = Non-spawn monster count
 F = Spawn count percentage of total count
 G = Total turns spent on level
                    A         B        C        D         E        F      G
               +---------+---------+-------+---------+---------+-------+---------
         Total |       0 |    1675 |   0.0 |       0 |     111 |   0.0 |  5605
               +---------+---------+-------+---------+---------+-------+---------
           D:1 |       0 |      45 |   0.0 |       0 |      25 |   0.0 |  1176
           D:2 |       0 |     230 |   0.0 |       0 |      27 |   0.0 |  1406
           D:3 |       0 |     262 |   0.0 |       0 |      31 |   0.0 |  1160
           D:4 |       0 |     788 |   0.0 |       0 |      12 |   0.0 |   835
           D:5 |       0 |     166 |   0.0 |       0 |       6 |   0.0 |   140
       Ossuary |       0 |     184 |   0.0 |       0 |      10 |   0.0 |   888
               +---------+---------+-------+---------+---------+-------+---------

Vault maps used:
D:1:      dpeg_arrival_orchard
D:2:      serial_undead, serial_undead_f, serial_undead_f, serial_undead_e,
          serial_undead_b, serial_undead_e, uniq_terence
D:4:      nicolae_overflow_hidden_temple, minmay_temple_entry_overgrown,
          first_ration, grunt_decor_cap, minmay_misc_feat_ornament,
          nrook_mini_backslash, uniq_pikel, uniq_ijyb, uniq_grinder
D:5:      enter_ossuary_1, basic_altar
Ossuary:  ossuary_due_cavern

Table legend:
 A = Turns spent in this place as a percentage of turns spent in the entire game.
 B = Non-inter-level travel turns spent in this place as a percentage of non-inter-level travel turns spent in the entire game.
 C = Inter-level travel turns spent in this place as a percentage of turns spent in this place.
 D = Turns resting spent in this place as a percentage of non-inter-level travel turns spent in this place.
 E = Turns spent auto-exploring this place as a percentage of non-inter-level travel turns spent in this place.
 F = Non-inter-level travel turns spent in this place divided by the number of levels of this place that you've seen.
                   A       B       C       D       E      F
               +-------+-------+-------+-------+-------+----------------------
         Total | 100.0 | 100.0 |   2.5 |  35.8 |  43.8 | 911.0
       Dungeon |  84.2 |  83.8 |   2.9 |  30.2 |  49.5 | 915.6
       Ossuary |  15.8 |  16.2 |   0.0 |  64.6 |  14.8 | 888.0
               +-------+-------+-------+-------+-------+----------------------

Table legend:
 A = Kills in this place as a percentage of kills in entire the game.
 B = Kills by you in this place as a percentage of kills by you in the entire game.
 C = Kills by friends in this place as a percentage of kills by friends in the entire game.
 D = Other kills in this place as a percentage of other kills in the entire game.
 E = Experience gained in this place as a percentage of experience gained in the entire game.
 F = Experience gained in this place divided by the number of levels of this place that you have seen.
                   A       B       C       D       E      F
               +-------+-------+-------+-------+-------+----------------------
         Total | 100.0 | 100.0 |   N/A | 100.0 | 100.0 | 279.2
       Dungeon |  91.0 |  90.9 |   N/A | 100.0 |  89.0 | 298.2
       Ossuary |   9.0 |   9.1 |   N/A |   0.0 |  11.0 | 184.0
               +-------+-------+-------+-------+-------+----------------------
